Description

Test

Build Order

Get SALT Encoding   

  12  0:01  Drone  
  13  0:12  Overlord  
  13  0:16  Drone  
  14  0:25  Spawning Pool  
  14  0:30  Extractor  
  14  0:35  Drone x2  
  17  0:40  Hatchery  
  17  0:56  Drone  
  17  0:59  Zergling x3  
  17  1:10  Zergling x3  
  17  1:19  Drone x3  
  17  1:35  Spine Crawler x3  
  17  2:00  Hatchery  
  19  2:20  Drone x3  
  21  2:30  Queen x3  
  21  2:35  Drone x6  
  21  2:50  Spine Crawler x3  
  26  3:00  Metabolic Boost  
  26  2:18  Zergling x4  this isn't part of the build
  28  2:25  Overlord  
  32  2:44  Queen  
  34  2:52  Queen  
  38  3:12  Hatchery  
  43  3:45  Overlord x2  
  44  3:49  Extractor x2  
  42  3:56  Roach Warren  
  42  3:58  Evolution Chamber  
  50  4:00  Spore Crawler x3  
Spawning Tool Build Advisor. Get it on Overwolf

Analysis

Perfect proxy hatch

Go to:

Details

  • Created by: Hellou1312
  • Published on: Jul 23, 2020
  • Modified on: Jul 23, 2020
  • Patch: 4.11.0
  • Difficulty: Easy
Show
View Real Time Build Order
Export as new Build Order

Comments (0)

There are no comments. Be the first!

Create an account to comment!